 Dungeon Crawl Stone Soup version 0.22-a0-355-g201945f (webtiles) character file.

9 Amnesiac the Magician (level 2, -1/13 HPs)
             Began as a Vine Stalker Wizard on Apr 17, 2018.
             Slain by a sky beast (2 damage)
             ... on level 3 of the Dungeon.
             The game lasted 00:01:54 (428 turns).

Amnesiac the Magician (Vine Stalker Wizard)          Turns: 428, Time: 00:01:55

Health: -1/13      AC:  2    Str:  9    XL:     2   Next: 12%
Magic:  0/7        EV: 12    Int: 18    God:
Gold:   7          SH:  0    Dex: 12    Spells: 7/8 levels left

rFire    . . .     SeeInvis .   g - +1 dagger (venom)
rCold    . . .     Gourm    .   (no shield)
rNeg     . . .     Faith    .   a - +0 robe
rPois    .         Spirit   +   b - +0 hat
rElec    .         Reflect  .   (no cloak)
rCorr    .         Harm     .   (no gloves)
MR       .....                  (no boots)
Stlth    +.........             (no amulet)
HPRegen  0.04/turn              (no ring)
MPRegen  0.10/turn              (no ring)

@: very slow
A: fangs 2, magic shield, antimagic bite, no potion heal 3, rot immunity
a: no special abilities


You were on level 3 of the Dungeon.
You were not hungry.

You visited 1 branch of the dungeon, and saw 3 of its levels.

You collected 7 gold pieces.

Inventory:

Hand Weapons
 f - a +0 hunting sling
 g - a +1 dagger of venom (weapon)
Missiles
 e - 32 stones (quivered)
Armour
 a - a +0 robe (worn)
 b - a +0 hat (worn)
Scrolls
 c - a scroll of identify {!r, unknown}
Comestibles
 d - 4 rations


   Skills:
 - Level 1.5 Dodging
 - Level 2.4 Stealth
 - Level 3.5 Spellcasting
 + Level 1.6 Conjurations
   Level 1.0 Summonings
   Level 1.0 Translocations


You had 7 spell levels left.
You knew the following spells:

 Your Spells              Type           Power        Failure   Level  Hunger
a - Magic Dart            Conj           #...         8%          1    None


Dungeon Overview and Level Annotations

Branches:
Dungeon (3/15)

Altars:


Innate Abilities, Weirdness & Mutations

You have extremely sharp teeth.
When hurt, damage is shared between your health and your magic reserves.
Your bite disrupts and absorbs the magic of your enemies.
Potions cannot restore your health.
You are immune to rotting.


Message History

The dart slug is severely wounded.
The sky beast flickers out of sight!
Deactivating autopickup; reactivate with Ctrl-A.
The dart slug bites you.
Unknown command.
You hit the dart slug.
You kill the dart slug!
You have reached level 2!
You hit something. Something barely misses you.
You hear the slow rusting of a distant drain.
A sky beast appears from thin air!
Reactivating autopickup.
The sky beast flickers out of sight!
Deactivating autopickup; reactivate with Ctrl-A.
You swing at nothing.
Something hits you. Something shocks you.
* * * LOW HITPOINT WARNING * * *
Something hits you but does no damage. Something hits you but does no damage.
A sky beast appears from thin air!
Reactivating autopickup.
Things that are here:
a short sword; a kobold corpse You hit the sky beast but do no damage.
The sky beast is poisoned.
The sky beast closely misses you.
The sky beast flickers out of sight!
Deactivating autopickup; reactivate with Ctrl-A.
A sky beast appears from thin air!
Reactivating autopickup.
You closely miss the sky beast.
The sky beast is moderately wounded.
The sky beast hits you.
* * * LOW HITPOINT WARNING * * *
The sky beast shocks you.
* * * LOW HITPOINT WARNING * * *
You hear the rusting of a distant drain.
Things that are here:
a short sword; a kobold corpse The sky beast flickers out of sight!
Deactivating autopickup; reactivate with Ctrl-A.
A sky beast appears from thin air!
Reactivating autopickup.
Things that are here:
a short sword; a kobold corpse You enter the shallow water.
Moving in this stuff is going to be slow.
The sky beast barely misses you.
The sky beast flickers out of sight!
Deactivating autopickup; reactivate with Ctrl-A.
Things that are here:
a short sword; a kobold corpse You enter the shallow water.
Moving in this stuff is going to be slow.
A sky beast appears from thin air!
Reactivating autopickup.
The sky beast flickers out of sight!
Deactivating autopickup; reactivate with Ctrl-A.
Things that are here:
a short sword; a kobold corpse You enter the shallow water.
Moving in this stuff is going to be slow.
Something hits you.
* * * LOW HITPOINT WARNING * * *
Something shocks you.
You die...

######### #.......#
#........ . ###
########<......#
..#..##..............#
#.......######.......#
......#..≈@..).......#
..###...######.......#
#.....# #########
##.....#####
.###......#...##
...............##
................#
................######
.....................#


There were no monsters in sight!

Vanquished Creatures
  2 dart slugs
  A goblin (D:2)
  2 kobolds
  A rat (D:3)
6 creatures vanquished.

Notes
Turn   | Place    | Note
-------+----------+-------------------------------------------
     0 | D:1      | Amnesiac the Vine Stalker Wizard began the quest for the Orb.
     0 | D:1      | Reached XP level 1. HP: 9/9 MP: 5/5
   309 | D:3      | Noticed a sky beast
   321 | D:3      | Reached XP level 2. HP: 9/13 MP: 2/7
   428 | D:3      | Slain by a sky beast

Vault maps used:
D:1:      nagdon_arrival_zigzag_paths, serial_bayou_pond_a, xom_teletrap_fun
D:3:      portal_sewer_entry_a, uniq_ijyb

Action                   || total
-------------------------++-------
Melee: Unarmed           ||     2
       Dagger            ||     4
       Bite              ||     1
 Cast: Magic Dart        ||    15
Armor: Robe              ||     2
Dodge: Dodged            ||     3

Table legend:
 A = Spawn XP
 B = Non-spawn XP
 C = Spawn XP percentage of total XP
 D = Spawn monster count
 E = Non-spawn monster count
 F = Spawn count percentage of total count
 G = Total turns spent on level
                    A         B        C        D         E        F      G
               +---------+---------+-------+---------+---------+-------+---------
         Total |       0 |      13 |   0.0 |       0 |       6 |   0.0 |   428
               +---------+---------+-------+---------+---------+-------+---------
           D:1 |       0 |       4 |   0.0 |       0 |       1 |   0.0 |   196
           D:2 |       0 |       3 |   0.0 |       0 |       2 |   0.0 |    32
           D:3 |       0 |       6 |   0.0 |       0 |       3 |   0.0 |   200
               +---------+---------+-------+---------+---------+-------+---------
